 Dungeon Crawl Stone Soup version 0.30-a0-639-g3916f1956a (webtiles) character file.

Game seed: 15179765011940219766

15808 ryw the Cleaver (level 12, -6/75 HPs)
             Began as a Gargoyle Fighter on Jan 17, 2023.
             Was a High Priest of Zin.
             Killed from afar by a deep troll earth mage (30 damage)
             ... with a blast of metal fragments
             ... on level 12 of the Dungeon.
             The game lasted 00:23:03 (11235 turns).

ryw the Cleaver (Gargoyle Fighter)                 Turns: 11235, Time: 00:23:03

Health: -6/75      AC: 26    Str: 30    XL:     12   Next: 30%
Magic:  15/15      EV: 11    Int: 10    God:    Zin [*****.]
Gold:   257        SH: 13    Dex:  9    Spells: 11/11 levels left

rFire   . . .      SeeInvis .    u - +2 broad axe (venom)
rCold   + . .      Faith    .    w - +3 kite shield
rNeg    + . .      Spirit   .    J - +2 ring mail of Ethics {rCorr}
rPois   ∞          Reflect  .    b - +0 helmet "Yssicuh" {-Tele Will+++ Regen+}
rElec   +          Harm     .    A - +0 cloak
rCorr   +          Rampage  .    r - +0 pair of gloves
Will    +++..      NoTele   +    e - +3 pair of boots of Light {rC+}
Stlth   x                          - amulet of regeneration
HPRegen 1.92/turn                g - +6 ring of strength
MPRegen 0.14/turn                O - +4 ring of slaying

@: invisible
A: sickness immunity, AC +8, negative energy resistance 1, electricity
resistance, torment resistance 1, petrification resistance
a: Renounce Religion, Recite, Vitalisation, Imprison, Sanctuary, Donate Gold


You were on level 12 of the Dungeon.
You worshipped Zin.
Zin was extremely pleased with you.
You visited 1 branch of the dungeon, and saw 12 of its levels.

You collected 815 gold pieces.
You spent 486 gold pieces at shops.
You donated 72 gold pieces to Zin.

Inventory:

Hand Weapons
 a - a +1 war axe
 u - a +2 broad axe of venom (weapon)
 C - the +4 sling of Calamity {freeze, *Corrode +Blink rF+++ SInv}
   (You found it on level 8 of the Dungeon)

   rF:        It renders you almost immune to fire.
   SInv:      It lets you see invisible.
   +Blink:    It lets you blink.
   *Corrode:  It may corrode you when you take damage.
Missiles
 n - 2 silver javelins (quivered)
 p - 7 boomerangs
Armour
 b - the +0 helmet "Yssicuh" (worn) {-Tele Will+++ Regen+}
   (You bought it in a shop on level 4 of the Dungeon)

   -Tele:     It prevents most forms of teleportation.
   Regen:     It increases your rate of health regeneration.
   Will:      It greatly increases your willpower.
 e - the +3 pair of boots of Light (worn) {rC+}
   (You acquired it on level 2 of the Dungeon)

   rC:        It protects you from cold.
 r - a +0 pair of gloves (worn)
 w - a +3 kite shield (worn)
 A - a +0 cloak (worn)
 J - the +2 ring mail of Ethics (worn) {rCorr}
   (You found it on level 10 of the Dungeon)

   rCorr:     It protects you from acid and corrosion.
Jewellery
 g - a +6 ring of strength (left hand)
 m - a ring of see invisible
 x - an amulet of regeneration (around neck)
 K - an amulet of faith
 O - a +4 ring of slaying (right hand)
Wands
 c - a wand of roots (6)
 B - a wand of digging (14)
 E - a wand of acid (11)
Scrolls
 h - 6 scrolls of teleportation
 l - 2 scrolls of butterflies
 s - a scroll of enchant armour
 y - 4 scrolls of blinking
 F - a scroll of fear
 L - a scroll of amnesia
 M - a scroll of magic mapping
 N - a scroll of identify
Potions
 d - 3 potions of might
 f - 2 potions of resistance
 i - a potion of ambrosia {unknown}
 j - 3 potions of lignification
 k - 7 potions of curing
 q - a potion of invisibility
 t - 4 potions of magic
 v - a potion of attraction {unknown}
 z - a potion of degeneration {unknown}
 D - a potion of haste {unknown}
 G - a potion of mutation {unknown}
 H - 2 potions of flight {unknown}
Miscellaneous
 I - a lightning rod (4/4)


   Skills:
 + Level 8.5 Fighting
 * Level 12.5 Axes
 + Level 8.4 Armour
 - Level 5.0 Dodging
 + Level 8.5 Shields
 - Level 5.0 Invocations


You had 11 spell levels left.
You didn't know any spells.
Your spell library contained the following spells:

 Spells                   Type           Power      Damage    Failure   Level
 Slow                     Hex            0%         N/A       77%         1
 Confusing Touch          Hex            0%         N/A       98%         3
 Dazzling Flash           Conj/Hex       0%         N/A       98%         3
 Ignite Poison            Fire/Tmut/Pois 0%         N/A       98%         3
 Vampiric Draining        Necr           0%         2d6       98%         3
 Iskenderun's Mystic Bla  Conj/Tloc      0%         2d3       100%        4
 Sticky Flame             Conj/Fire      0%         2d3       100%        4
 Freezing Cloud           Conj/Ice/Air   0%         6-21      100%        5
 Simulacrum               Ice/Necr       0%         N/A       100%        6
 Starburst                Conj/Fire      0%         6d3       100%        6
 Ignition                 Fire           0%         3d3       100%        8
 Polar Vortex             Ice            0%         N/A       100%        9


Dungeon Overview and Level Annotations

Branches:
Dungeon (12/15)            Temple (0/1) D:6            Lair (0/5) D:9
    Orc (0/2) D:12

Altars:
Okawaru
Sif Muna
Uskayaw
Wu Jian
Xom
Zin
The Shining One

Shops:
D:4 [   D:6 [:   D:8 *

Annotations:
D:10 2 runed translucent doors, quinnr's ghost, journeyman TeAE


Innate Abilities, Weirdness & Mutations

You are immune to sickness and miasma.
Your stone body is resilient. (AC +8)
You are immune to poison.
You resist negative energy. (rN+)
You are resistant to electric shocks. (rElec)
You are resistant to unholy torment.
You are immune to petrification.


Message History

A raiju comes into view.
Zin warns you: It is a foul glowing shapeshifter.
The raiju barks!
You hear a shout!
You hear two shouts!
You hear a shout!
The raiju bursts into living lightning!
The living lightning hits you. You resist.
The raiju blinks! x2
You see here a silver javelin.
You slash the raiju!
The raiju is poisoned.
The raiju is lightly wounded.
You block the raiju's attack.
You miss the raiju.
The raiju is moderately wounded.
An ettin comes into view. It is wielding two +0 dire flails.
You block the raiju's attack.
The ettin shouts in stereo!
You slice the raiju!!
You kill the raiju!
Zin accepts your kill.
A deep troll earth mage comes into view.
Throw: 2 javelins (silver)
Press: ? - help, Q - select action, (/) - cycle Shift-Dir - straight line, f - ettin
Aim: an ettin, wielding two +0 dire flails (84% to hit)
Okay, then.
You barely miss the ettin.
The ettin hits you with a +0 dire flail!! x2
Okay, then.
You fade into invisibility!
You block the ettin's attack.
The ettin hits you with a +0 dire flail!!
* * * LOW HITPOINT WARNING * * *
Okay, then.
You feel much better. The ettin closely misses you.
You block the ettin's attack.
You slash the ettin!
The ettin is poisoned.
The ettin is lightly wounded.
You slash the deep troll earth mage!
The deep troll earth mage is poisoned.
The ettin barely misses you.
The ettin hits you with a +0 dire flail!!
The deep troll earth mage gestures at the metal wall while chanting.
The metal wall shatters!
The blast of metal fragments hits you!!
You die...

#..###..# # #..## #...#
##..# #...# ## #..## ##
#..###..# ..#..
#..e#...#########.?.#..
#...#....)..@C.(....#
##. ##...##.♣T##...## #
##...#.(.# ..##
######### ### ... ..
..## .. #... ..# ####
###


You could see an ettin (unable to see you, very poisoned) and a deep troll earth
mage (very poisoned).

Vanquished Creatures
  An entropy weaver (shapeshifter) (D:12)
  2 two-headed ogres (D:12)
  Amaemon (D:7)
  A wizard (D:12)
  4 ugly things (D:12)
  A gargoyle (D:12)
  An orange demon (D:8)
  A kobold demonologist (D:11)
  2 komodo dragons
  A tengu conjurer (D:11)
  Prince Ribbit (D:7)
  A raiju (shapeshifter) (D:12)
  4 trolls
  A shadow (D:11)
  2 wraiths
  15 yaks
  2 wyverns
  2 steam dragons
  11 vampire mosquitoes
  2 water moccasins
  An acid dragon (D:10)
  Duvessa (D:7)
  3 sky beasts
  3 ice beasts
  An ogre (D:6)
  3 orc warriors
  2 centaurs
  2 phantoms
  A necrophage (D:4)
  3 kobold brigands
  2 scorpions
  A bullfrog (D:7)
  Dowan (D:7)
  14 killer bees
  6 howler monkeys
  A crimson imp (D:4)
  3 hounds
  2 jellies
  8 orc priests
  Crazy Yiuf (D:7)
  A gnoll bouda (D:6)
  10 orc wizards
  4 iguanas
  5 gnolls (D:6)
  11 adders
  4 white imps
  An ufetubus (D:6)
  2 worms (D:2)
  5 dart slugs
  42 orcs
  7 ball pythons
  10 endoplasms
  3 giant cockroaches
  7 goblins
  6 hobgoblins
  7 jackals
  5 quokkas
  3 bats
  A frilled lizard (D:2)
  18 kobolds
  6 rats
273 creatures vanquished.

Vanquished Creatures (others)
  36 plants
36 creatures vanquished.

Grand Total: 309 creatures vanquished

Notes
Turn   | Place    | Note
-------+----------+-------------------------------------------
     0 | D:1      | ryw the Gargoyle Fighter began the quest for the Orb.
     0 | D:1      | Reached XP level 1. HP: 14/14 MP: 1/1
   128 | D:1      | Reached skill level 2 in Axes
   157 | D:1      | Reached XP level 2. HP: 17/19 MP: 2/2
   729 | D:2      | Found a faded altar of an unknown god.
   774 | D:2      | Reached XP level 3. HP: 21/23 MP: 3/3
  1369 | D:2      | Identified a scroll of acquirement
  1369 | D:2      | Acquired the +3 pair of boots of Light {rC+}
  1485 | D:3      | Reached XP level 4. HP: 29/29 MP: 4/4
  1561 | D:3      | Found an ornate altar of the Wu Jian Council.
  1582 | D:4      | Found a shimmering blue altar of Sif Muna.
  1595 | D:3      | Reached skill level 3 in Axes
  1657 | D:3      | Reached XP level 5. HP: 11/33 MP: 5/5
  2157 | D:3      | Reached skill level 1 in Dodging
  2613 | D:4      | Reached skill level 4 in Axes
  2613 | D:4      | Reached XP level 6. HP: 38/38 MP: 6/6
  2952 | D:4      | Reached skill level 5 in Axes
  2952 | D:4      | Reached XP level 7. HP: 43/43 MP: 7/7
  3068 | D:4      | Found Zin's Purification Station.
  3068 | D:4      | Found a glowing silver altar of Zin.
  3073 | D:4      | Bought a potion of curing for 90 gold pieces
  3107 | D:4      | Became a worshipper of Zin the Law-Giver
  3215 | D:4      | Found Pehuca's Antique Armour Boutique.
  3218 | D:4      | Reached * piety under Zin
  3253 | D:4      | Reached skill level 6 in Axes
  3817 | D:5      | Entered Level 5 of the Dungeon
  3951 | D:5      | Reached skill level 7 in Axes
  3951 | D:5      | Reached XP level 8. HP: 48/48 MP: 8/8
  4022 | D:5      | Found a hide-covered altar of Uskayaw.
  4358 | D:5      | Reached ** piety under Zin
  4626 | D:5      | Reached skill level 8 in Axes
  4805 | D:6      | Found Popporil's Antique Armour Shoppe.
  4935 | D:6      | Reached skill level 9 in Axes
  5043 | D:5      | Acquired a +1 broad axe of venom
  5059 | D:6      | Bought a kite shield for 121 gold pieces
  5095 | D:6      | Found Jyst's Tremendous Tomes.
  5340 | D:6      | Found a staircase to the Ecumenical Temple.
  5530 | D:7      | Reached XP level 9. HP: 52/52 MP: 9/9
  5578 | D:7      | Noticed Prince Ribbit
  5614 | D:7      | Killed Prince Ribbit
  5704 | D:7      | Noticed Duvessa
  5704 | D:7      | Noticed Dowan
  5796 | D:7      | Killed Duvessa
  5912 | D:7      | Killed Dowan
  6211 | D:7      | Found a runed translucent door.
  6212 | D:7      | Noticed Crazy Yiuf
  6218 | D:7      | Killed Crazy Yiuf
  6306 | D:7      | Reached skill level 5 in Shields
  6323 | D:7      | Reached skill level 5 in Armour
  6324 | D:7      | Reached skill level 5 in Fighting
  6342 | D:7      | Reached *** piety under Zin
  6374 | D:7      | Found an iron altar of Okawaru.
  6691 | D:8      | Noticed Amaemon
  6693 | D:8      | Noticed an orange demon
  6863 | D:7      | Killed Amaemon
  6864 | D:7      | Reached skill level 10 in Axes
  6864 | D:7      | Reached XP level 10. HP: 25/60 MP: 6/10
  6907 | D:8      | Killed an orange demon
  6916 | D:8      | Found Sebliwn's General Store.
  6950 | D:8      | Identified the +4 sling of Calamity {freeze, *Corrode
                  | +Blink rF+++ SInv}
  7558 | D:9      | Reached **** piety under Zin
  7694 | D:9      | Reached skill level 1 in Invocations
  7852 | D:9      | Found a staircase to the Lair.
  7872 | D:9      | Reached skill level 11 in Axes
  8188 | D:10     | Entered Level 10 of the Dungeon
  8389 | D:10     | Reached XP level 11. HP: 67/67 MP: 12/12
  8687 | D:10     | Found a large runed translucent door.
  8687 | D:10     | Found a large runed translucent door.
  8690 | D:10     | Identified the +2 ring mail of Ethics {rCorr}
  8880 | D:4      | Bought a steaming helmet for 275 gold pieces
  8880 | D:4      | Identified the +0 helmet "Yssicuh" {-Tele Will+++ Regen+}
                  | (You bought it in a shop on level 4 of the Dungeon)
  9069 | D:10     | Noticed quinnr's ghost (journeyman TeAE)
  9281 | D:10     | Found a shimmering altar of Xom.
  9293 | D:10     | Found a glowing golden altar of the Shining One.
  9476 | D:11     | Reached ***** piety under Zin
 10323 | D:12     | Noticed a great orb of eyes
 10344 | D:12     | Noticed a cyan ugly thing
 10346 | D:12     | Noticed a deep elf pyromancer
 10444 | D:12     | Noticed a two-headed ogre
 10451 | D:12     | Killed a two-headed ogre
 10578 | D:12     | Noticed a purple ugly thing
 10587 | D:12     | Killed a purple ugly thing
 10695 | D:12     | Reached skill level 12 in Axes
 10717 | D:12     | Killed a cyan ugly thing
 10801 | D:12     | Found a staircase to the Orcish Mines.
 10843 | D:12     | Reached XP level 12. HP: 47/73 MP: 15/15
 11160 | D:12     | Noticed an entropy weaver (shapeshifter)
 11165 | D:12     | Killed an entropy weaver
 11170 | D:12     | Reached skill level 5 in Dodging
 11170 | D:12     | Reached skill level 5 in Invocations
 11193 | D:12     | Noticed a two-headed ogre
 11198 | D:12     | Killed a two-headed ogre
 11227 | D:12     | Noticed an ettin
 11228 | D:12     | Noticed a deep troll earth mage
 11235 | D:12     | Killed from afar by a deep troll earth mage

Illustrated notes

Levels and vault maps discovered:
D:1:      sevenhm_arrival_forest_fort_large_2, layout_rooms, minmay_octomino_j4
D:2:      layout_basic, shapermc_ecumenical_altar_hornbeckon
D:3:      layout_basic, nicolae_wu_jian_wuxing_cycle, nicolae_figureground_pulse
D:4:      layout_layer_cave, mainiacjoe_overflow_catwalk, zin_purify,
          serial_shops, nicolae_shop_hallway_plus, minmay_fire_ice_demons
D:5:      layout_loops_cross, nicolae_uskayaw_suspiria
D:6:      layout_rooms, minmay_temple_entry_butterflies, serial_shops,
          nicolae_shop_crystal, minmay_misc_feat_doors, columned_hall_lemuel,
          minivault_5, nicolae_shop_i_like_big_books
D:7:      layout_basic, hellmonk_okawaru_the_only_friend_you_need,
          grunt_ministairs_5, chequers_decorated_corner, uniq_prince_ribbit1,
          uniq_duvessa, uniq_crazy_yiuf_cottage
D:8:      layout_cave_pools, serial_shops, shop_statue, uniq_amaemon
D:9:      layout_big_octagon, david_lair_shrubbed
D:10:     layout_roguey, mainiacjoe_overflow_big_doors,
          ebering_ghost_disaster_area, grunt_decor_fettered,
          minmay_misc_feat_four_crosses
D:11:     layout_stronghold
D:12:     minmay_tile_spiral, layout_loops_ring, erik_orc_3

Skill      XL: |  1  2  3  4  5  6  7  8  9 10 11 12 |
---------------+-------------------------------------+-----
Axes           | 2 3 4 5 7 9 10 11 12 | 12.5
Fighting       | 4 5 7 8 |  8.5
Armour         | 4 5 6 8 |  8.4
Shields        | 4 5 7 8 |  8.5
Dodging        | 1 2 3 4 5 |  5.0
Invocations    | 2 4 5 |  5.0

Action                   |  1- 3 |  4- 6 |  7- 9 | 10-12 || total
-------------------------+-------+-------+-------+-------++-------
Melee: War axe           |   114 |    75 |   153 |       ||   342
       Broad axe         |       |       |   138 |   358 ||   496
 Fire: Sling             |       |       |       |     6 ||     6
Throw: Javelin           |       |     3 |     5 |    13 ||    21
Invok: Vitalisation      |       |       |     2 |       ||     2
       Recite            |       |       |     1 |     6 ||     7
  Use: Scroll            |     9 |     3 |     6 |     7 ||    25
       Potion            |       |     1 |     1 |     2 ||     4
 Stab: Confused          |       |       |       |     1 ||     1
Armor: Scale mail        |    63 |    36 |   194 |    96 ||   389
       Ring mail         |       |       |       |    99 ||    99
Dodge: Dodged            |    60 |    42 |   122 |   139 ||   363
Block: Buckler           |    28 |    20 |    54 |       ||   102
       Kite shield       |       |       |    89 |   249 ||   338

Table legend: (Time is in decaauts)
 A = Elapsed time spent in this place.
 B = Non-inter-level travel time spent in this place.
 C = Inter-level travel time spent in this place.
 D = Time resting spent in this place.
 E = Time spent auto-exploring this place.
 F = Levels seen in this place.
 G = Mean time per level.
                   A        B        C        D        E       F      G
               +--------+--------+--------+--------+--------+-----+--------+
         Total |  11486 |  10637 |    849 |   1270 |   7034 |  12 |  957.2 |
       Dungeon |  11486 |  10637 |    849 |   1270 |   7034 |  12 |  957.2 |
               +--------+--------+--------+--------+--------+-----+--------+

Top non-repeatable levels by time:
     D:4: 1350 daAuts
     D:7: 1252 daAuts
     D:3: 1240 daAuts
     D:5: 1001 daAuts
    D:11: 987 daAuts
     D:6: 975 daAuts
    D:10: 915 daAuts
    D:12: 863 daAuts
     D:9: 848 daAuts
     D:2: 791 daAuts
     D:1: 645 daAuts
     D:8: 616 daAuts
